 Dungeon Crawl Stone Soup version 0.18.1-6-gd335043 (webtiles) character file.

99022 ololoev the Severer (level 15, -28/138 HPs)
             Began as a Minotaur Fighter on May 17, 2016.
             Was a High Priest of Okawaru.
             Annihilated by a white very ugly thing (36 damage)
             ... on level 1 of the Depths.
             The game lasted 00:47:48 (20981 turns).

ololoev the Severer (Minotaur Fighter)             Turns: 20981, Time: 00:47:49

Health: -28/138    AC: 26    Str: 26    XL:     15   Next: 76%
Magic:  18/22      EV: 10    Int:  5    God:    Okawaru [*****.]
Gold:   944        SH:  5    Dex: 11    Spells: 0 memorised, 14 levels left

rFire  + . .     SeeInvis +     a - +11 executioner's axe "Starlight" {flame, rN+}
rCold  . . .     Gourm    .     O - +1 plate armour {rF+}
rNeg   + . .     Faith    .     (shield currently unavailable)
rPois  +         Spirit   .     (helmet restricted)
rElec  .         Dismiss  .     B - +2 cloak
rCorr  .         Reflect  +     (no gloves)
SustAt .         Harm     .     r - +1 pair of boots {Fly}
MR     +....                    R - +5 amulet of reflection
Stlth  ..........               H - ring of poison resistance
                                w - ring of see invisible

@: about to teleport, heroism, finesse, somewhat resistant to hostile
enchantments, extremely unstealthy
A: retaliatory headbutt, horns 2, sense surroundings 1
a: Heroism, Finesse, Renounce Religion, Evoke Flight


Innate Abilities, Weirdness & Mutations

You reflexively headbutt those who attack you in melee.
You have a pair of horns on your head.
You passively map a small area around you.

Inventory:

Hand Weapons
 a - the +11 executioner's axe "Starlight" (weapon) {flame, rN+}
   (Okawaru gifted it to you on level 1 of the Depths)

   It has been specially enchanted to burn those struck by it, causing extra
   injury to most foes and up to half again as much damage against particularly
   susceptible opponents.
   Big, fiery blades are also staple armaments of hydra-hunters.
   It protects you from negative energy.
 b - a +4 blowgun
Missiles
 p - 12 poisoned javelins (quivered)
 t - 7 curare-tipped needles
 v - 6 javelins
 y - a throwing net
 L - 11 javelins of returning
Armour
 r - a +1 pair of boots of flying (worn)
 B - a +2 cloak (worn)
 D - a +1 cloak of invisibility
 O - a +1 plate armour of fire resistance (worn)
Jewellery
 w - a ring of see invisible (left hand)
 H - a ring of poison resistance (right hand)
 R - a +5 amulet of reflection (around neck)
Wands
 m - a wand of hasting (5/9)
 x - a wand of digging (8/24)
 S - a wand of iceblast (4/15)
Scrolls
 g - 2 scrolls of enchant armour
 h - 6 scrolls of fog
 j - 3 scrolls of magic mapping
 n - 10 scrolls of teleportation
 s - 7 scrolls of remove curse
 u - a scroll of vulnerability {unknown}
 A - a scroll of enchant weapon {unknown}
 F - a scroll of silence {unknown}
 M - 3 scrolls of recharging
 Q - 2 scrolls of immolation {unknown}
Potions
 c - a potion of invisibility {unknown}
 d - a potion of resistance {unknown}
 e - 4 potions of curing
 o - 2 potions of cancellation {unknown}
 z - 5 potions of flight
 C - 2 potions of magic
 E - 2 potions of haste {unknown}
 G - 4 potions of agility {unknown}
Comestibles
 f - 14 bread rations
 i - 10 chunks of flesh
 k - 7 meat rations
 l - 3 slices of pizza
 q - 9 fruits
 J - 3 beef jerkies


   Skills:
 + Level 14.2(19.2) Fighting
 * Level 18.5(23.5) Axes
 + Level 11.7(16.7) Throwing
 + Level 14.1(19.1) Armour
   Level 3.6(8.6) Shields
 + Level 11.7 Invocations


You had 14 spell levels left.
You didn't know any spells.


You were on level 1 of the Depths.
You worshipped Okawaru.
Okawaru was extremely pleased with you.
You were not hungry.

You visited 2 branches of the dungeon, and saw 16 of its levels.
You also visited: Ossuary.

You collected 1014 gold pieces.
You spent 70 gold pieces at shops.

.. ..#... #....#....
...#....# ,, *#...##....
........########.>.##....
....#.#.#<((.......##....
,
........#................
........#)...............
,
......††.)...[.)[....}...
,.#.....u)....#....####..
, * ,
##....@....###....#####
#.........# #......... ,
#., ###.....###
###....... #.# ##...##
##..(... .#..##
###..#..#** ###..(.... ,
.'....# #...###...#
#.....((.. . #....###.###
*##.#*#..(..#..#
#.#*#....#..#
..#....#.##'# #..
#......## *#......#.#.).

Notes
Turn   | Place    | Note
--------------------------------------------------------------
     0 | D:1      | ololoev the Minotaur Fighter began the quest for the Orb.
     0 | D:1      | Reached XP level 1. HP: 19/19 MP: 0/0
   301 | D:1      | You fall through a shaft!
   322 | D:2      | Found an oddly glowing altar of Pakellas.
   350 | D:2      | Found an iron altar of Okawaru.
   355 | D:2      | Became a worshipper of Warmaster Okawaru
   434 | D:2      | Reached XP level 2. HP: 27/27 MP: 1/1
   579 | D:2      | Reached skill level 3 in Axes
   659 | D:2      | Reached XP level 3. HP: 26/33 MP: 2/2
  1655 | D:3      | Noticed Terence
  1672 | D:3      | Killed Terence
  1672 | D:3      | Reached skill level 1 in Throwing
  1672 | D:3      | Reached XP level 4. HP: 25/40 MP: 3/3
  1831 | D:3      | Reached skill level 1 in Invocations
  1846 | D:3      | Reached skill level 4 in Axes
  2060 | D:3      | Reached XP level 5. HP: 35/47 MP: 4/4
  2224 | D:3      | Noticed Ijyb
  2235 | D:3      | Killed Ijyb
  2404 | D:3      | Noticed Purgy
  2408 | D:3      | Killed Purgy
  2408 | D:3      | Reached * piety under Okawaru
  2408 | D:3      | Reached XP level 6. HP: 53/53 MP: 6/6
  2910 | D:4      | Noticed Robin
  2933 | D:4      | Killed Robin
  2933 | D:4      | Reached skill level 5 in Armour
  3115 | D:4      | Noticed Menkaure
  3118 | D:4      | Killed Menkaure
  3118 | D:4      | Reached skill level 5 in Fighting
  3118 | D:4      | Reached skill level 5 in Axes
  3197 | D:4      | Reached XP level 7. HP: 61/61 MP: 8/8
  3478 | D:4      | Reached skill level 6 in Axes
  3487 | D:4      | Noticed Pikel
  3665 | D:4      | Killed Pikel
  3665 | D:4      | Reached ** piety under Okawaru
  3665 | D:4      | Reached skill level 7 in Axes
  3665 | D:4      | Reached XP level 8. HP: 52/70 MP: 5/9
  4007 | D:5      | Entered Level 5 of the Dungeon
  4013 | D:5      | Got a heavily runed ivory ring
  4066 | D:5      | Identified the ring "Uherph" {SustAt rN+ Int+4 Dex-5} (You found it on level 5 of the Dungeon)
  4109 | D:5      | Reached *** piety under Okawaru
  4290 | D:5      | Reached skill level 8 in Axes
  4622 | D:6      | Found a staircase to the Ecumenical Temple.
  4815 | D:6      | Reached XP level 9. HP: 64/78 MP: 11/11
  5371 | D:7      | Reached skill level 9 in Axes
  5371 | D:7      | Reached skill level 5 in Invocations
  5371 | D:7      | Reached skill level 5 in Throwing
  5450 | D:7      | Found a glowing golden altar of the Shining One.
  5519 | D:7      | Found a sand-covered staircase.
  5600 | Ossuary  | Entered an ossuary
  5724 | Ossuary  | Reached **** piety under Okawaru
  5923 | D:7      | Found a glowing golden altar of the Shining One.
  5970 | D:7      | Reached skill level 10 in Axes
  6101 | D:7      | Found Eghykler's Antique Weapon Emporium.
  6109 | D:7      | Bought a glowing blowgun for 70 gold pieces
  6590 | D:8      | Reached XP level 10. HP: 88/88 MP: 11/13
  6665 | D:8      | Noticed Joseph
  6674 | D:8      | Killed Joseph
  6714 | D:8      | Noticed Erolcha
  6732 | D:8      | Killed Erolcha
  7036 | D:8      | Found a staircase to the Lair.
  7147 | D:8      | Noticed Maurice
  7436 | D:8      | Killed Maurice
  7436 | D:8      | Reached skill level 11 in Axes
  7475 | D:9      | Received a gift from Okawaru
  7602 | D:9      | Found a bloodstained altar of Trog.
  7635 | D:9      | Found a staircase to the Orcish Mines.
  7681 | D:9      | Found a shattered altar of Ashenzari.
  7708 | D:9      | Reached ***** piety under Okawaru
  8048 | D:9      | Received a gift from Okawaru
  8048 | D:9      | Reached XP level 11. HP: 96/97 MP: 13/15
  8157 | D:9      | Found Zin's Purification Station.
  8159 | D:9      | Found a glowing silver altar of Zin.
  8633 | D:10     | Entered Level 10 of the Dungeon
  8736 | D:10     | Reached skill level 12 in Axes
  9572 | D:11     | Noticed an eight-headed hydra
  9583 | D:11     | Killed an eight-headed hydra
  9971 | D:11     | Noticed a hill giant
  9985 | D:11     | Killed a hill giant
 10330 | D:11     | Noticed a hill giant
 10336 | D:11     | Killed a hill giant
 10336 | D:11     | Received a gift from Okawaru
 10393 | D:11     | Reached skill level 10 in Fighting
 10468 | D:11     | Noticed a hill giant
 10472 | D:11     | Killed a hill giant
 10481 | D:11     | Reached skill level 13 in Axes
 10498 | D:11     | Noticed a hill giant
 10503 | D:11     | Killed a hill giant
 10778 | D:12     | Noticed Sonja
 10782 | D:12     | Killed Sonja
 10782 | D:12     | Received a gift from Okawaru
 10782 | D:12     | Reached skill level 10 in Armour
 10851 | D:12     | Noticed Frances
 10868 | D:12     | Killed Frances
 10868 | D:12     | Reached XP level 12. HP: 40/107 MP: 5/17
 11227 | D:12     | Received a gift from Okawaru
 11422 | D:12     | Gained mutation: Your body sometimes deteriorates upon taking damage. [mutagenic meat]
 11423 | D:12     | Gained mutation: Your magical capacity is low (-10% MP). [mutagenic meat]
 11634 | D:12     | Noticed Nergalle
 11645 | D:12     | Killed Nergalle
 11902 | D:12     | Reached skill level 14 in Axes
 12204 | D:13     | Noticed a centaur warrior
 12222 | D:13     | Killed a centaur warrior
 13138 | D:13     | Lost mutation: Your body sometimes deteriorates upon taking damage. [potion of cure mutation]
 13138 | D:13     | Lost mutation: Your magical capacity is low (-10% MP). [potion of cure mutation]
 13211 | D:13     | Noticed a centaur warrior
 13222 | D:13     | Killed a centaur warrior
 13222 | D:13     | Reached ****** piety under Okawaru
 13222 | D:13     | Received a gift from Okawaru
 13564 | D:14     | Noticed a tengu warrior
 13571 | D:14     | Reached XP level 13. HP: 100/116 MP: 15/18
 13587 | D:14     | Received a gift from Okawaru
 13812 | D:14     | Found an opulent altar of Gozag.
 13895 | D:14     | Reached skill level 15 in Axes
 14147 | D:14     | Noticed a vault guard
 14200 | D:14     | Killed a vault guard
 14988 | D:14     | Found a gate to the Vaults.
 15039 | D:15     | Entered Level 15 of the Dungeon
 15380 | D:15     | Reached skill level 10 in Throwing
 15387 | D:15     | Received a gift from Okawaru
 15393 | D:15     | Reached skill level 10 in Invocations
 15419 | D:15     | Reached skill level 16 in Axes
 15427 | D:15     | Gained mutation: You are partially covered in yellow scales (AC +2). [mutagenic meat]
 15428 | D:15     | Gained mutation: You have large cloven feet. [mutagenic meat]
 15429 | D:15     | Gained mutation: You occasionally shout uncontrollably at your foes. [mutagenic meat]
 15430 | D:15     | Gained mutation: Your spells are a little harder to cast, but a little more powerful. [mutagenic meat]
 15432 | D:15     | Gained mutation: You passively map a small area around you. [mutagenic meat]
 15433 | D:15     | Gained mutation: Your body sometimes deteriorates upon taking damage. [mutagenic meat]
 15434 | D:15     | Lost mutation: You occasionally shout uncontrollably at your foes. [potion of cure mutation]
 15434 | D:15     | Lost mutation: Your body sometimes deteriorates upon taking damage. [potion of cure mutation]
 15434 | D:15     | Lost mutation: You have large cloven feet. [potion of cure mutation]
 15434 | D:15     | Lost mutation: You are partially covered in yellow scales (AC +2). [potion of cure mutation]
 15434 | D:15     | Lost mutation: Your spells are a little harder to cast, but a little more powerful. [potion of cure mutation]
 15442 | D:15     | Received a gift from Okawaru
 15443 | D:15     | Got a shimmering triple sword {god gift}
 15449 | D:15     | Identified the +8 triple sword "Daolafer" {holy, rC+ Stlth+} (Okawaru gifted it to you on level 15 of the Dungeon)
 15701 | D:15     | Reached XP level 14. HP: 25/127 MP: 14/20
 16105 | D:15     | Noticed Agnes
 16117 | D:15     | Killed Agnes
 17041 | D:15     | Noticed a frost giant
 17048 | D:15     | Killed a frost giant
 17049 | D:15     | Found a staircase to the Depths.
 17197 | Depths:1 | Entered Level 1 of the Depths
 17197 | Depths:1 | Noticed a purple very ugly thing
 17197 | Depths:1 | Noticed a purple very ugly thing
 17197 | Depths:1 | Noticed a purple very ugly thing
 17197 | Depths:1 | Noticed a purple very ugly thing
 17199 | Depths:1 | Noticed a purple very ugly thing
 17201 | Depths:1 | Noticed a purple very ugly thing
 17207 | D:15     | Killed a purple very ugly thing
 17207 | D:15     | Received a gift from Okawaru
 17212 | D:15     | Killed a purple very ugly thing
 17213 | D:15     | Got a crude war axe {god gift}
 17214 | D:15     | Identified the +6 war axe of Summer {chop, *Corrode rC+ Str+2} (Okawaru gifted it to you on level 15 of the Dungeon)
 17232 | D:15     | Killed a white very ugly thing
 17242 | D:15     | Killed a purple very ugly thing
 17254 | D:15     | Killed a red very ugly thing
 17567 | Depths:1 | Killed a purple very ugly thing
 17651 | Depths:1 | Reached skill level 17 in Axes
 17671 | Depths:1 | Received a gift from Okawaru
 18039 | Depths:1 | jacquesderrida: Welcome to doopz
 18042 | Depths:1 | jacquesderrida: HELL NIGHT
 18044 | Depths:1 | Noticed Margery
 18064 | Depths:1 | Killed Margery
 18065 | Depths:1 | Noticed a fire giant
 18083 | Depths:1 | Killed a fire giant
 18449 | Depths:1 | Noticed a stone giant
 18459 | Depths:1 | Killed a stone giant
 18607 | Depths:1 | Reached XP level 15. HP: 103/136 MP: 19/22
 18716 | Depths:1 | Found a gateway to Hell.
 18741 | Depths:1 | Noticed a frost giant
 18755 | Depths:1 | Killed a frost giant
 19514 | Depths:1 | Received a gift from Okawaru
 19518 | Depths:1 | Got a faintly glowing executioner's axe {god gift}
 19519 | Depths:1 | Identified the +11 executioner's axe "Starlight" {flame, rN+} (Okawaru gifted it to you on level 1 of the Depths)
 19644 | Depths:1 | Noticed a fire giant
 19645 | Depths:1 | Noticed a frost giant
 20069 | Depths:1 | Noticed a frost giant
 20074 | Depths:1 | Killed a frost giant
 20085 | Depths:1 | Reached skill level 18 in Axes
 20418 | Depths:1 | Found a one-way gate leading to the halls of Pandemonium.
 20430 | Depths:1 | Received a gift from Okawaru
 20956 | Depths:1 | Noticed a fire giant
 20962 | Depths:1 | Killed a fire giant
 20962 | Depths:1 | Received a gift from Okawaru
 20981 | Depths:1 | Annihilated by a white very ugly thing

Dungeon Overview and Level Annotations

Branches:
Dungeon (15/15)            Temple (0/1) D:6            Lair (0/8) D:8
    Orc (0/2) D:9          Vaults (0/5) D:14         Depths (1/5) D:15

Altars:
Ashenzari
Gozag
Okawaru
Pakellas
Trog
Zin
The Shining One

Shops:
D:7 (

Portals:
Hell: Depths:1
Pandemonium: Depths:1


Message History

Your plate armour prevents you from hitting the white very ugly thing.
You headbutt the white very ugly thing!
The white very ugly thing is almost dead.
You barely miss the red very ugly thing.
The red very ugly thing is severely wounded.
You barely miss the red ugly thing.
The red ugly thing is lightly wounded.
You are covered in liquid flames!
The white very ugly thing gores you but does no damage.
The red very ugly thing pecks you but does no damage.
Unknown command.
You slash the white very ugly thing! You burn the white very ugly thing.
You kill the white very ugly thing!
Okawaru accepts your kill.
You hit the red ugly thing.
The red ugly thing is lightly wounded.
You slash the red very ugly thing! You burn the red very ugly thing.
The red very ugly thing is severely wounded.
You are covered in liquid flames!
The red ugly thing stings you but does no damage.
Unknown command.
You slash the red ugly thing! You burn the red ugly thing.
The red ugly thing is moderately wounded.
You slash the red very ugly thing!
The red very ugly thing is almost dead.
You are covered in liquid flames!
Unknown command.
Unknown command.
You hit the spark wasp. You burn the spark wasp.
You headbutt the spark wasp, but do no damage.
The spark wasp is lightly wounded.
You slice the red ugly thing!! You burn the red ugly thing.
The red ugly thing is almost dead.
You completely miss the white very ugly thing.
Your plate armour prevents you from hitting the red very ugly thing.
The red very ugly thing is almost dead.
You are covered in liquid flames!
The red very ugly thing pecks you but does no damage.
The red ugly thing basks in the mutagenic energy from its kin and changes!
Unknown command.
You chop the spark wasp into pieces!!! You burn the spark wasp.
The spark wasp is severely wounded.
You slash the purple ugly thing! You burn the purple ugly thing.
You kill the purple ugly thing!
Okawaru accepts your kill.
You slash the white very ugly thing! You burn the white very ugly thing.
The white very ugly thing is lightly wounded.
You slice the red very ugly thing like a ripe choko!!!
You burn the red very ugly thing.
You kill the red very ugly thing!
Okawaru accepts your kill.
You are covered in liquid flames!
You block the spark wasp's attack.
You slice the spark wasp!! You burn the spark wasp!
You kill the spark wasp!
Okawaru accepts your kill.
You slash the white very ugly thing! You burn the white very ugly thing.
The white very ugly thing is lightly wounded.
You are covered in liquid flames!
The white very ugly thing engulfs you! The white very ugly thing freezes you!!
Unknown command.
Your plate armour prevents you from hitting the white very ugly thing.
The white very ugly thing is lightly wounded.
You are covered in liquid flames!
You barely miss the white very ugly thing.
The white very ugly thing is lightly wounded.
You are covered in liquid flames!
The white very ugly thing engulfs you! The white very ugly thing freezes you!!
Read which item? (? for menu, Esc to quit)
Okay, then.
You are covered in liquid flames!
Drink which item? (? for menu, Esc to quit)
Okay, then.
Evoke which item? (* to show all) (? for menu, Esc to quit)
Okay, then.
Read which item? (? for menu, Esc to quit)
As you read the scroll of teleportation, it crumbles to dust.
You feel strangely unstable. The white very ugly thing engulfs you.
The white very ugly thing freezes you!!!
You die...

You could see a white very ugly thing.

Vanquished Creatures
  Margery (Depths:1)
  Frances (D:12)
  Agnes (D:15)
  2 fire giants (Depths:1)
  3 frost giants
  2 stone giants (Depths:1)
  9 very ugly things
  5 spark wasps (Depths:1)
  2 ettins (Depths:1)
  3 fire dragons (Depths:1)
  A yaktaur captain (Depths:1)
  A vault guard (D:14)
  A spriggan air mage (Depths:1)
  Erolcha (D:8)
  2 hydras
  A hell beast (Depths:1)
  An ice dragon (Depths:1)
  7 centaur warriors
  2 tengu warriors
  3 ogre magi
  Nergalle (D:12)
  Sonja (D:12)
  5 hell knights (Depths:1)
  4 unseen horrors
  Pikel (D:4)
  A gelid demonspawn (Depths:1)
  2 wizards
  7 hill giants
  2 necromancers (D:14)
  29 ugly things
  A wolf spider zombie (D:12)
  A griffon (D:13)
  2 manticores (D:15)
  2 sixfirhies (Depths:1)
  2 deep elf magi
  A cyclops (D:11)
  Maurice (D:8)
  Joseph (D:8)
  2 gargoyles
  4 molten gargoyles (D:11)
  4 centaur skeletons
  9 yaktaurs
  An efreet (D:14)
  2 tengu conjurers
  A merfolk (D:9)
  3 trolls
  A red devil (Depths:1)
  A polar bear (shapeshifter) (Depths:1)
  6 two-headed ogres
  6 slime creatures (Depths:1)
  A ynoxinul (Depths:1)
  2 air elementals (Depths:1)
  A shadow (D:15)
  3 wyverns
  2 vampires
  3 wraiths
  12 yaks (D:9)
  A fire bat (D:6)
  16 humans (D:14)
  3 vampire mosquitoes (D:14)
  A basilisk (D:15)
  4 hippogriffs
  A hungry ghost (D:8)
  Menkaure (D:4)
  2 soldier ants
  10 orc warriors
  A black bear (D:8)
  Purgy (D:3)
  An eye of draining (D:15)
  An ice beast (D:14)
  2 slaves
  4 phantoms
  5 sky beasts
  2 necrophages
  23 ogres
  3 boggarts (Depths:1)
  12 centaurs
  A crocodile (D:11)
  2 big kobolds
  2 elf zombies (Ossuary)
  9 giant frogs
  4 scorpions
  A water moccasin skeleton (D:7)
  2 killer bees (D:11)
  8 wights
  5 howler monkeys
  9 crimson imps
  2 centaur zombies
  A giant frog zombie (D:9)
  5 quasits
  A wasp zombie (D:13)
  3 human zombies
  3 iron imps (Depths:1)
  7 orc priests
  2 giant frog skeletons
  6 hounds
  A jelly (D:5)
  Ijyb (D:3)
  Terence (D:3)
  3 iguanas
  13 orc wizards
  9 worker ants
  A hound skeleton (D:4)
  2 mummies (Ossuary)
  Robin (D:4)
  A howler monkey skeleton (D:9)
  2 howler monkey zombies
  13 gnolls
  10 adders
  A shadow imp (D:9)
  An adder zombie (Ossuary)
  2 adder skeletons
  5 worms
  2 dart slugs (D:2)
  5 giant geckos
  47 orcs
  3 bats
  3 giant cockroaches
  17 goblins
  10 hobgoblins
  10 jackals
  16 kobolds
  6 quokkas
  2 ball pythons
  A giant gecko skeleton (D:8)
  3 giant newts
  9 hobgoblin zombies (Ossuary)
  3 jackal skeletons
  A jackal zombie (Ossuary)
  9 kobold zombies (Ossuary)
  9 orc zombies (Ossuary)
  A quokka skeleton (D:4)
  9 rats
  4 rat zombies (Ossuary)
581 creatures vanquished.

Vanquished Creatures (others)
  A quokka (D:4)
1 creature vanquished.

Grand Total: 582 creatures vanquished

Action                   |  1- 3 |  4- 6 |  7- 9 | 10-12 | 13-15 || total
-------------------------+-------+-------+-------+-------+-------++-------
Melee: War axe           |    90 |    86 |   148 |       |       ||   324
       Headbutt          |    14 |    10 |    61 |   117 |   172 ||   374
       Battleaxe         |       |       |   151 |   515 |   494 ||  1160
       Executioner's axe |       |       |       |       |   132 ||   132
 Fire: Blowgun           |       |       |       |       |     5 ||     5
Throw: Javelin           |     8 |    20 |    14 |    77 |    91 ||   210
       Throwing net      |       |       |       |       |     2 ||     2
Invok: Heroism           |       |     1 |     4 |    23 |    27 ||    55
       Finesse           |       |       |       |     1 |     7 ||     8
 Abil: Stop Flying       |       |       |       |       |     1 ||     1
Evoke: Wand              |       |       |     4 |     1 |     1 ||     6
  Use: Potion            |       |     1 |       |     6 |     6 ||    13
       Scroll            |       |       |    10 |     6 |    15 ||    31
 Stab: Held in net/web   |       |       |       |       |     1 ||     1
  Eat: Chunk             |     2 |     5 |    10 |    26 |    19 ||    62
       Beef jerky        |       |       |     1 |       |       ||     1
       Royal jelly       |       |       |       |     1 |       ||     1
       Meat ration       |       |       |       |       |     3 ||     3
Armor: Scale mail        |    42 |       |       |       |       ||    42
       Ring mail         |       |    48 |    34 |       |       ||    82
       Chain mail        |       |       |   116 |   283 |    80 ||   479
       Plate armour      |       |       |       |       |   196 ||   196
Dodge: Dodged            |    60 |    67 |   146 |   221 |   217 ||   711
Block: Other             |       |       |       |       |    72 ||    72
       Reflection        |       |       |       |       |     4 ||     4

Vault maps used:
D:1:      minmay_arrival_jagged, hangedman_decor_clover_reticule
D:2:      grunt_pakellas_basics, okawaru_metal_pillars_3
D:3:      first_bread, uniq_terence, uniq_iyjb, uniq_purgy
D:4:      minmay_cut_off, uniq_pikel, uniq_robin, uniq_menkaure
D:6:      minmay_temple_entry_junction
D:7:      lemuel_doored_altar, serial_shops, shop, enter_ossuary_3,
          nicolae_tso_carved_into_rock
D:8:      lair_0_dummy, uniq_erolcha, uniq_joseph, uniq_maurice
D:9:      lightli_temple_of_fire, zin_purify, orc_0_dummy, hangedman_fish_farm,
          ashenzari_altar_1
D:11:     minivault_8
D:12:     uniq_nergalle, uniq_frances, uniq_sonja
D:14:     grunt_vaults_entry_tiered, nicolae_gozag_seed_capital
D:15:     grunt_enter_depths_snipers, minmay_tree_intersection,
          grunt_decor_resistance, uniq_agnes
Depths:1: grunt_metal_band, nrook_uturn, grunt_pan_entry_in_and_out,
          minmay_misc_feat_five, minivault_12, roderic_lattice_octagonal_star,
          uniq_saint_roka
Ossuary:  ossuary_tomb_1
